 Dungeon Crawl Stone Soup version 0.21-a0-630-g344d351 (webtiles) character file.

1099 ricardofg the Conjurer (level 8, -5/44 HPs)
             Began as a Gargoyle Wizard on Dec 24, 2017.
             Slain by a two-headed ogre
             ... wielding a +0 giant club
              (30 damage)
             ... on level 6 of the Dungeon on Dec 25, 2017.
             The game lasted 00:19:36 (5187 turns).

ricardofg the Conjurer (Gargoyle Wizard)            Turns: 5187, Time: 00:19:38

Health: -5/44      AC:  7    Str: 11    XL:     8   Next: 32%
Magic:  5/16       EV: 12    Int: 21    God:
Gold:   155        SH:  0    Dex:  8    Spells: 11/18 levels left

rFire    + . .     SeeInvis .   j - +4 dagger (elec)
rCold    + . .     Gourm    .   (no shield)
rNeg     + . .     Faith    .   a - +0 robe
rPois    ∞         Spirit   .   b - +0 hat
rElec    +         Reflect  .   u - scarf {rC+ rF+}
rCorr    .         Harm     .   (no gloves)
MR       .....                  (no boots)
Stlth    ++........             (no amulet)
HPRegen  0.14/turn              (no ring)
MPRegen  0.15/turn              (no ring)

@: no status effects
A: negative energy resistance 1, electricity resistance, unbreathing,
petrification resistance, rot immunity, AC +5
a: no special abilities


You were on level 6 of the Dungeon.
You were not hungry.

You visited 1 branch of the dungeon, and saw 5 of its levels.

You collected 155 gold pieces.

Inventory:

Hand Weapons
 e - a +1 vampiric dagger
 h - a +0 dagger
 i - a +0 whip
 j - a +4 dagger of electrocution (weapon)
Armour
 a - a +0 robe (worn)
 b - a +0 hat (worn)
 p - a +0 cloak
 u - a scarf of resistance (worn)
Jewellery
 f - a +3 amulet of reflection {unknown}
Scrolls
 k - a scroll of random uselessness {unknown}
 l - 2 scrolls of amnesia
 n - a scroll of remove curse {unknown}
 o - 2 scrolls of enchant armour {unknown}
 q - 3 scrolls of teleportation {unknown}
 w - a scroll of acquirement {unknown}
Potions
 g - a potion of lignification {unknown}
 m - a potion of heal wounds {unknown}
 r - 2 potions of invisibility
 s - 2 potions of curing
 t - a potion of haste {unknown}
Books
 c - a book of Minor Magic

   Spells                             Type                      Level
   a - Magic Dart                     Conjuration                  1
   b - Blink                          Translocation                2
   c - Call Imp                       Summoning                    2
   d - Slow                           Hexes                        2
   e - Conjure Flame                  Conjuration/Fire             3
   f - Mephitic Cloud                 Conjuration/Poison/Air       3
Comestibles
 d - 7 rations
 v - 7 chunks of flesh


   Skills:
 + Level 1.8 Fighting
 + Level 1.7 Maces & Flails
 + Level 2.0 Armour
 + Level 2.2 Dodging
 - Level 2.1 Stealth
 + Level 5.6 Spellcasting
 + Level 5.7 Conjurations
   Level 0.8 Summonings
   Level 0.8 Translocations
 * Level 2.7 Fire Magic
 * Level 2.2 Air Magic


You had 11 spell levels left.
You knew the following spells:

 Your Spells              Type           Power        Failure   Level  Hunger
a - Magic Dart            Conj           ####         1%          1    None
b - Conjure Flame         Conj/Fire      ###.....     5%          3    ##.....
c - Mephitic Cloud        Conj/Pois/Air  ###.....     11%         3    ##.....


Dungeon Overview and Level Annotations

Branches:
Dungeon (4/15)
 Temple: D:4-7

Altars:


Innate Abilities, Weirdness & Mutations

You are resistant to torment.
Your stone body is resilient. (AC +5)
You are immune to poison.
You resist negative energy. (rN+)
You are resistant to electric shocks. (rElec)
You can survive without breathing.
You are immune to petrification.
You are immune to rotting.


Message History

The magic dart hits the two-headed ogre.
The two-headed ogre is moderately wounded.
Casting: Magic Dart
Confirm with . or Enter, or press ? or * to list all spells.
Aiming: Mephitic Cloud
Press: ? - help, Shift-Dir - straight line, f/p - two-headed ogre
Aim: a two-headed ogre, wielding two giant clubs (moderately wounded)
The ball explodes into a vile cloud!
The stinking cloud engulfs the two-headed ogre.
The two-headed ogre is moderately wounded.
The stinking cloud engulfs you!
The two-headed ogre is engulfed in noxious fumes.
The two-headed ogre hits you with a giant club! x2
You hit the two-headed ogre.
Lightning courses through the two-headed ogre!
The two-headed ogre is severely wounded.
The two-headed ogre is engulfed in noxious fumes.
The two-headed ogre hits you with a giant club!!
Ouch! That really hurt!
You die...

#....#.....# ## #.#
##...##......# .#
##...##.......
#..........##.
###....#####.# ...
##......## .## ....
#........# ..##...#
#..###.#..## #.#...#
. #...#....#§@#
#.....#.# ###
####..§O####.......#
##.§§§..........#
#...###.......#.
#..## #.........
#..# ##.........
##.## #..........
#..####.....#....
#...##.##.....## #.#


You could see a two-headed ogre.

Vanquished Creatures
  Sigmund (D:2)
  The ghost of Skryme the Sneak, an amateur OpWz (D:3)
  An ice beast (D:6)
  A phantom (D:4)
  An ogre (D:4)
  A centaur (D:6)
  A bullfrog (D:6)
  A howler monkey (D:3)
  A hound (D:6)
  A centaur skeleton (D:2)
  An orc priest (D:4)
  An orc wizard (D:4)
  Natasha (thrice) (D:2)
  Robin (D:3)
  5 adders
  3 oozes
  An adder skeleton (D:4)
  A worm (D:2)
  3 dart slugs
  3 leopard geckos
  10 orcs
  3 giant cockroaches
  16 goblins
  6 hobgoblins
  23 jackals
  2 ball pythons
  6 bats
  9 frilled lizards
  9 kobolds
  7 rats
123 creatures vanquished.

Notes
Turn   | Place    | Note
-------+----------+-------------------------------------------
     0 | D:1      | ricardofg the Gargoyle Wizard began the quest for the Orb.
     0 | D:1      | Reached XP level 1. HP: 10/10 MP: 4/4
   305 | D:1      | Reached XP level 2. HP: 15/15 MP: 0/6
   596 | D:1      | Upgraded the game from 0.21-a0-625-g1119ec1 to 0.21-a0-630-g344d351
   808 | D:1      | Reached XP level 3. HP: 18/19 MP: 7/7
   827 | D:1      | Learned a level 3 spell: Conjure Flame
   831 | D:1      | Learned a level 3 spell: Mephitic Cloud
  1508 | D:2      | Found a faded altar of an unknown god.
  1593 | D:2      | Reached XP level 4. HP: 24/24 MP: 7/9
  1918 | D:2      | Noticed Sigmund
  2025 | D:2      | Reached XP level 5. HP: 28/28 MP: 11/11
  2029 | D:2      | Noticed Natasha
  2040 | D:2      | Killed Natasha
  2285 | D:2      | Killed Sigmund
  2285 | D:2      | Reached skill level 5 in Spellcasting
  2285 | D:2      | Reached XP level 6. HP: 18/32 MP: 3/13
  2488 | D:2      | Noticed Natasha
  2497 | D:2      | Killed Natasha
  2497 | D:2      | Reached skill level 5 in Conjurations
  2516 | D:2      | Noticed Natasha
  2527 | D:2      | Killed Natasha
  3550 | D:3      | Noticed Robin
  3561 | D:3      | Killed Robin
  3817 | D:3      | Reached XP level 7. HP: 34/36 MP: 14/14
  3978 | D:3      | Noticed Skryme's ghost (amateur OpWz)
  3988 | D:3      | Killed Skryme's ghost
  3988 | D:3      | Reached skill level 1 in Fire Magic
  3988 | D:3      | Reached skill level 1 in Air Magic
  4247 | D:4      | Reached skill level 1 in Fighting
  4247 | D:4      | Reached skill level 1 in Maces & Flails
  4247 | D:4      | Reached skill level 1 in Armour
  4715 | D:4      | You fall through a shaft for 2 floors!
  4739 | D:6      | Reached XP level 8. HP: 22/43 MP: 10/16
  5142 | D:6      | Noticed a two-headed ogre
  5187 | D:6      | Slain by a two-headed ogre

Vault maps used:
D:1:      dpeg_arrival_circle_labyrinth_c
D:2:      chequers_ecumenical_altar_simple, kennysheep_minor_cross,
          uniq_natasha, uniq_sigmund
D:3:      uniq_robin
D:4:      temple_doors_e, first_ration
D:6:      serial_shops, kennysheep_mini_moat, minmay_misc_feat_cross

Skill      XL: |  1  2  3  4  5  6  7  8 |
---------------+-------------------------+-----
Conjurations   | 2 3 4 5 |  5.7
Spellcasting   | 4 5 |  5.6
Fire Magic     | 2 |  2.7
Air Magic      | 1 2 |  2.2
Fighting       | 1 |  1.8
Maces & Flails | 1 |  1.7
Armour         | 1 2 |  2.0
Dodging        | 2 |  2.2
Stealth        | |  2.1
Summonings     | |  0.8
Translocations | |  0.8

Action                   |  1- 3 |  4- 6 |  7- 9 || total
-------------------------+-------+-------+-------++-------
Melee: Unarmed           |     4 |       |       ||     4
       Dagger            |    38 |   170 |    91 ||   299
 Cast: Magic Dart        |    37 |    22 |    30 ||    89
       Mephitic Cloud    |       |     6 |     5 ||    11
       Conjure Flame     |       |     1 |     2 ||     3
  Use: Scroll            |       |       |     3 ||     3
 Stab: Sleeping          |     2 |     5 |     2 ||     9
       Confused          |       |     2 |       ||     2
  Eat: Chunk             |     2 |     8 |     3 ||    13
       Ration            |       |       |     1 ||     1
Armor: Robe              |    15 |    65 |    28 ||   108
Dodge: Dodged            |    24 |   140 |    62 ||   226

Table legend:
 A = Spawn XP
 B = Non-spawn XP
 C = Spawn XP percentage of total XP
 D = Spawn monster count
 E = Non-spawn monster count
 F = Spawn count percentage of total count
 G = Total turns spent on level
                    A         B        C        D         E        F      G
               +---------+---------+-------+---------+---------+-------+---------
         Total |       0 |    1571 |   0.0 |       0 |     123 |   0.0 |  5187
               +---------+---------+-------+---------+---------+-------+---------
           D:1 |       0 |      60 |   0.0 |       0 |      30 |   0.0 |  1462
           D:2 |       0 |     469 |   0.0 |       0 |      34 |   0.0 |  1664
           D:3 |       0 |     312 |   0.0 |       0 |      42 |   0.0 |  1104
           D:4 |       0 |     340 |   0.0 |       0 |       9 |   0.0 |   485
           D:6 |       0 |     390 |   0.0 |       0 |       8 |   0.0 |   472
               +---------+---------+-------+---------+---------+-------+---------
